Map: Dusk Towers

Players

UntermRad - Winner!

  • Race: Protoss Protoss
  • League: Diamond

LilDicky

  • Race: Terran Terran
  • League: Diamond

VOD

http://www.twitch.tv/tumescentpie

Description

Time

  • Played on: Jan. 2, 2016, 4:49 p.m.
  • Length: 5:42
Show
View Real Time Build Order
Export as new Build Order

UntermRad Protoss - Winner!

Build Orders: Nexus First 

Get SALT Encoding   

  12  0:01  Probe (Chrono Boost)  
  13  0:11  Probe (Chrono Boost)  
  14  0:17  Pylon  
  14  0:22  Probe (Chrono Boost)  
  15  0:37  Probe (Chrono Boost)  
  16  0:56  Probe (Chrono Boost)  
  17  1:04  Nexus  
  17  1:08  Probe (Chrono Boost)  
  18  1:20  Probe (Chrono Boost)  
  18  1:24  Gateway  
  18  1:25  Assimilator  
  19  1:29  Assimilator  
  19  1:32  Probe (Chrono Boost)  
  20  1:38  Gateway  
  20  1:44  Probe (Chrono Boost)  
  21  1:54  Probe (Chrono Boost)  
  22  2:05  Probe (Chrono Boost)  
  23  2:13  Cybernetics Core  
  23  2:22  Probe x2 (Chrono Boost)  
  24  2:32  Probe (Chrono Boost)  
  24  2:33  Probe (Chrono Boost)  
  26  2:43  Probe (Chrono Boost)  
  27  2:46  Probe (Chrono Boost), Pylon  
  27  2:49  Robotics Facility  
  28  2:51  Adept (Chrono Boost)  
  28  2:53  Adept (Chrono Boost)  
  28  2:56  Warp Gate  
  32  3:05  Pylon  
  34  3:13  Mothership Core, Probe  
  34  3:18  Adept (Chrono Boost)  
  37  3:36  Probe  
  37  3:37  Probe  
  39  3:45  Adept (Chrono Boost)  
  39  3:47  Observer (Chrono Boost)  
  40  3:48  Probe  
  40  3:49  Adept  
  45  3:57  Gateway  
  45  3:59  Gateway  
  45  4:00  Probe  
  46  4:11  Pylon  
  46  4:12  Pylon  
  46  4:13  Probe  
  47  4:18  Probe  
  47  4:20  Observer (Chrono Boost)  
  49  4:25  Probe  
  49  4:28  Adept  
  49  4:30  Assimilator  
  49  4:31  Probe  
  51  4:34  Sentry, Assimilator  
  51  4:37  Probe  
  57  4:39  Observer (Chrono Boost)  
  57  4:45  Probe  
  58  4:53  Probe  
  59  5:05  Probe  
  59  5:06  Stalker x3  
  66  5:12  Probe  
  67  5:17  Probe  
Show
View Real Time Build Order
Export as new Build Order

LilDicky Terran 

Build Orders: MMM Bio 

Get SALT Encoding   

  12  0:01  SCV  
  13  0:13  SCV  
  14  0:25  SCV, Supply Depot  
  15  0:35  Refinery  
  15  0:47  SCV  
  16  0:50  Barracks  
  16  0:59  SCV  
  18  1:11  SCV  
  18  1:25  SCV  
  19  1:37  SCV, Marine  
  21  1:40  Supply Depot  
  21  1:45  Factory  
  21  1:50  Orbital Command  
  21  1:57  Marine  
  22  2:06  Barracks  
  22  2:09  Barracks  
  22  2:20  SCV  
  23  2:24  Barracks Reactor  
  23  2:29  Refinery  
  23  2:32  SCV  
  24  2:43  Supply Depot  
  24  2:44  SCV  
  24  2:47  Widow Mine  
  27  2:53  Barracks Tech Lab  
  27  2:55  Barracks Tech Lab  
  27  2:56  SCV  
  28  3:00  Supply Depot  
  28  3:08  SCV  
  29  3:12  Stimpack  
  29  3:15  Marine x3  
  32  3:33  Combat Shields, Marauder x2  
  33  3:39  Marine  
  33  3:40  SCV  
  35  3:46  Starport  
  35  3:57  Marauder  
  35  3:58  Marauder  
  35  4:00  Marine  
  35  4:01  Supply Depot  
  40  4:03  Marine  
  40  4:09  SCV  
  42  4:18  Marine x3  
  42  4:21  SCV  
  46  4:26  Medivac  
  48  4:33  Supply Depot  
  48  4:41  Marauder, Marine x2  
  48  4:42  Marauder  
  54  4:56  Supply Depot  
  54  4:59  Marine  
  57  5:01  Marine  
  57  5:02  Marine  
  57  5:03  Marauder  
  61  5:08  SCV  
  62  5:21  Marauder  
Tags
 
Add a new tag
Caveats
  • Supply blocks, unpowered buildings, or Contaminate may cause inaccurate times.
  • Supply counts are checked every 10 seconds.